 Dungeon Crawl Stone Soup version 0.17-a0-2014-g32cd421 (webtiles) character file.

117 Jackolantern the Ruffian (level 4, -6/44 HPs)
             Began as a Troll Monk on Oct 9, 2015.
             Shot with an arrow by a centaur (14 damage)
             ... on level 5 of the Dungeon.
             The game lasted 00:02:11 (646 turns).

Jackolantern the Ruffian (Troll Monk)                Turns: 646, Time: 00:02:11

Health: -6/44      AC:  5    Str: 20    XL:     4   Next: 71%
Magic:  3/3        EV: 11    Int:  6    God:
Gold:   39         SH:  0    Dex: 12    Spells: 0 memorised, 3 levels left

rFire  . . .     SeeInvis .       - Unarmed
rCold  . . .     Clarity  .     a - +0 robe
rNeg   . . .     SustAt   .     (no shield)
rPois  .         Gourm    +     (helmet restricted)
rElec  .         Spirit   .     (no cloak)
rCorr  .         Warding  .     (gloves unavailable)
rMut   .         Stasis   .     (boots unavailable)
MR     .....                    (no amulet)
Stlth  ++........               (no ring)
                                (no ring)

@: not resistant to hostile enchantments, unstealthy
A: unfitting armour, claws 3, fast metabolism 3, gourmand, regeneration 2,
shaggy fur 1, tough skin 2
a: no special abilities


You were on level 5 of the Dungeon.
You were full.

You visited 1 branch of the dungeon, and saw 5 of its levels.

You collected 39 gold pieces.

Inventory:

Armour
 a - a +0 robe (worn)
Scrolls
 c - 2 scrolls of identify {unknown}
 f - a scroll of remove curse {unknown}
Potions
 b - 2 potions of brilliance {unknown}
 e - a potion of flight {unknown}
Comestibles
 d - 2 slices of pizza
 g - a bread ration


   Skills:
 + Level 2.8 Fighting
 * Level 3.3 Dodging
 * Level 1.7 Stealth
 + Level 4.7 Unarmed Combat


You had 3 spell levels left.
You didn't know any spells.

Dungeon Overview and Level Annotations

Branches:
Dungeon (5/15)
 Temple: D:4-7

Altars:


Innate Abilities, Weirdness & Mutations

You are too large for most types of armour.
You have claws for hands.
Your metabolism is lightning-fast.
You like to eat raw meat.
You heal very quickly.
You are covered in fur (AC +1).
You have very tough skin (AC +2).


Message History

The centaur wields a shortbow.
The centaur shoots an arrow.
The arrow hits you!
The orc hits you with a short sword of protection.
You see here an arrow.
A jackal skeleton comes into view.
The centaur unwields an uncursed shortbow.
The centaur closely misses you. The orc hits you but does no damage.
You claw the centaur!
The centaur is heavily wounded.
The centaur misses you.
You claw the centaur!
The centaur is almost dead.
The centaur hits you.
The orc hits you with a short sword of protection.
The orc hits you with a flail. The centaur hits you!
* * * LOW HITPOINT WARNING * * *
The orc completely misses you. The orc barely misses you.
The centaur wields an uncursed shortbow.
The centaur shoots an arrow.
The arrow hits you!
You die...

......###.# ......# #.#
......# #.# ......# #.#
......# #.# #########
..#######.# #.......#
..........#####.......###
.................$..?....
###############.@.....#
....... #.o.o...# .......
#..oc...# .......
#.......# .......
#....Z..# #.#....
#.......# #.####.
#.....### ....# #.....#
....# #.....#


You could see a centaur, 3 orcs and a jackal skeleton.

Vanquished Creatures
  An orc wizard (D:4)
  A giant frog skeleton (D:5)
  A worker ant (D:4)
  2 adders
  A giant gecko (D:1)
  5 orcs
  2 bats
  A giant newt (D:2)
  A goblin (D:3)
  2 quokka skeletons
  A rat (D:1)
18 creatures vanquished.

Notes
Turn   | Place    | Note
--------------------------------------------------------------
     0 | D:1      | Jackolantern the Troll Monk began the quest for the Orb.
     0 | D:1      | Reached XP level 1. HP: 22/22 MP: 0/0
   329 | D:3      | Reached XP level 2. HP: 29/29 MP: 1/1
   440 | D:4      | Reached XP level 3. HP: 36/36 MP: 2/2
   524 | D:4      | Reached XP level 4. HP: 36/44 MP: 3/3
   542 | D:5      | Entered Level 5 of the Dungeon
   640 | D:5      | Noticed a centaur
   646 | D:5      | Shot with an arrow by a centaur

Vault maps used:
D:1:      erik_arrival_triangle_small, minmay_misc_feat_secret_circle
D:2:      first_bread
D:3:      lemuel_castle_with_subvaults
D:4:      uniq_natasha
D:5:      corexii_shack_village, minmay_temple_entry_overgrown

Action                   |  1- 3 |  4- 6 || total
-------------------------+-------+-------++-------
Melee: Unarmed           |    45 |    13 ||    58
 Stab: Sleeping          |     4 |       ||     4
  Eat: Bread ration      |     2 |       ||     2
